Map: King's Cove LE

Players

Junta

  • Race: Protoss Protoss
  • League: Platinum
  • Spawn Location: 5:00

Parkkatz - Winner!

  • Race: Zerg Zerg
  • League: Platinum
  • Spawn Location: 11:00

VOD

Have the link to the VOD?

Description

Time

  • Played on: July 4, 2019, 9:52 a.m.
  • Length: 5:43
Show
View Real Time Build Order
Export as new Build Order

Junta Protoss 

Build Orders:  

Get SALT Encoding   

  1  0:00  Probe  
  13  0:13  Pylon  
  13  0:16  Probe  
  15  0:28  Probe  
  15  0:35  Gateway  
  15  0:40  Probe  
  16  0:52  Probe, Assimilator  
  17  1:01  Assimilator  
  17  1:04  Probe  
  17  1:09  Pylon  
  18  1:24  Cybernetics Core  
  18  1:27  Zealot  
  18  1:31  Probe  
  21  1:40  Pylon  
  21  1:44  Probe  
  22  1:50  Warp Gate  
  22  1:56  Probe  
  23  2:02  Stalker  
  25  2:22  Gateway  
  25  2:23  Gateway  
  25  2:31  Pylon  
  24  3:39  Stalker x3  
  29  4:03  Stalker x3  
  35  4:10  Probe  
  36  4:22  Probe  
  37  4:33  Zealot x3  
  43  5:01  Zealot x2  
  43  5:06  Pylon  
  43  5:07  Pylon  
  47  5:21  Robotics Facility  
Show
View Real Time Build Order
Export as new Build Order

Parkkatz Zerg - Winner!

Build Orders: Hatch First 

Get SALT Encoding   

  12  0:01  Drone  
  13  0:16  Overlord  
  13  0:18  Drone  
  14  0:34  Drone x2  
  16  0:39  Drone  
  17  0:58  Hatchery, Drone  
  17  1:07  Drone  
  18  1:12  Extractor  
  18  1:18  Drone  
  18  1:21  Spawning Pool  
  18  1:25  Drone  
  18  1:32  Drone  
  19  1:46  Overlord  
  19  2:08  Queen  
  21  2:10  Queen  
  21  2:11  Zergling x6  
  26  2:17  Metabolic Boost  
  26  2:27  Drone x3  
  29  2:39  Zergling x4  
  31  2:45  Queen  
  31  2:48  Queen  
  35  2:51  Overlord  
  35  3:02  Drone  
  36  3:08  Drone, Extractor  
  36  3:09  Drone, Extractor  
  36  3:10  Drone  
  36  3:12  Drone  
  36  3:49  Drone x3  
  36  3:50  Drone x3, Roach Warren  
  36  3:51  Zergling x4  
  42  4:06  Zergling x2  
  42  4:07  Zergling x2  
  44  4:15  Overlord x2  
  44  4:33  Roach x7  
  57  4:59  Roach x2  
  58  5:05  Zergling x2  
  59  5:10  Drone, Baneling Nest  
  59  5:12  Overlord  
  59  5:13  Overlord  
Tags
 
Add a new tag
Caveats
  • Supply blocks, unpowered buildings, or Contaminate may cause inaccurate times.
  • Supply counts are checked every 10 seconds.